 Dungeon Crawl Stone Soup version 0.30-a0-1035-g38d5fb2972 (webtiles) character file.

Game seed: 2068024273760509392

46 Lobster4 the Digger (level 3, -2/32 HPs)
             Began as a Troll Earth Elementalist on Apr 8, 2023.
             Killed by divine providence
             ... invoked by an orc priest
              (13 damage)
             ... on level 2 of the Dungeon.
             The game lasted 00:02:26 (1088 turns).

Lobster4 the Digger (Troll Earth Elementalist)      Turns: 1088, Time: 00:02:26

Health: -2/32      AC:  4    Str: 16    XL:     3   Next: 44%
Magic:  4/4        EV: 10    Int: 13    God:
Gold:   56         SH:  0    Dex: 10    Spells: 2/5 levels left

rFire   . . .      SeeInvis .    (no weapon)
rCold   . . .      Faith    .    (no shield)
rNeg    . . .      Spirit   .    a - +0 robe
rPois   .          Reflect  .    (helmet restricted)
rElec   .          Rampage  .    (no cloak)
rCorr   .                        (gloves unavailable)
Will    .....                    (boots unavailable)
Stlth   +                        (no amulet)
HPRegen 1.05/turn                (no ring)
MPRegen 0.09/turn                (no ring)

@: no status effects
A: large, unfitting armour, claws 3, regeneration 1, shaggy fur 1, tough skin 1
a: no special abilities


You were on level 2 of the Dungeon.
You visited 1 branch of the dungeon, and saw 2 of its levels.

You collected 56 gold pieces.

Inventory:

Hand Weapons
 h - a +0 whip
 i - a +0 sling
Armour
 a - a +0 robe (worn)
Scrolls
 c - a scroll of identify {unknown}
 d - a scroll of enchant weapon {unknown}
Potions
 b - a potion of magic
 f - a potion of brilliance {unknown}
 g - a potion of might {unknown}


   Skills:
 + Level 0.7 Fighting
 + Level 0.5 Maces & Flails
 + Level 0.7 Armour
 + Level 2.0 Dodging
 - Level 1.0 Stealth
 + Level 1.5 Spellcasting
 - Level 1.0 Transmutations
 + Level 2.9 Earth Magic


You had 2 spell levels left.
You knew the following spells:

 Your Spells              Type           Power      Damage    Failure   Level
a - Sandblast             Erth           16%        2d6       9%          1
b - Passwall              Tmut/Erth      5%         N/A       19%         2

Your spell library contained the following spells:

 Spells                   Type           Power      Damage    Failure   Level
 Stone Arrow              Conj/Erth      8%         3d7       41%         3
 Petrify                  Tmut/Erth      6%         N/A       75%         4


Dungeon Overview and Level Annotations

Branches:
Dungeon (2/15)

Altars:


Innate Abilities, Weirdness & Mutations

You are too large for most types of armour.
You have claws for hands.
Your natural rate of healing is unusually fast.
You are covered in fur. (AC +1)
You have tough skin. (AC +1)


Message History

You enter the shallow water.
A hobgoblin is nearby!
You see here a +0 long sword.
The hobgoblin hits you but does no damage.
You closely miss the hobgoblin. The hobgoblin closely misses you.
You barely miss the hobgoblin. The hobgoblin closely misses you.
You claw the hobgoblin!
You kill the hobgoblin!
Your Dodging skill increases to level 2!
You open the door.
There is an open door here.
There is an open door here.
An orc priest comes into view.
It is wielding a +0 trident and wearing a +1 leather armour of fire resistance.
Found a scroll labelled BAW BIELONNIJ.
The orc priest shouts!
An orc comes into view. It is wielding a +0 short sword.
The orc priest looks braver for a moment.
An orc comes into view. It is wielding a +0 flail.
The orc priest calls down the wrath of Beogh upon you.
Beogh smites you!
Ouch! That really hurt!
You are too injured to fight recklessly!
The orc priest barely misses you.
You scratch the orc priest.
The orc priest is lightly wounded.
The orc priest closely misses you.
You claw the orc priest!
The orc priest is heavily wounded.
The orc priest hits you with a +0 trident.
The orc shouts!
You scratch the orc priest but do no damage.
The orc priest is heavily wounded.
You hear a shout!
The orc priest hits you with a +0 trident.
You hear a shout!
You hear an angry hiss.
You scratch the orc priest but do no damage.
The orc priest is heavily wounded.
The orc priest invokes the aid of Beogh against you.
Beogh smites you!
You die...

#≈...##.#######.
#≈...#..........
#≈...#..########
#≈≈≈≈#.##
+#####.# #.# #.#
#.########.#
#ooo@......#
############


You could see an orc priest and 2 orcs.

Vanquished Creatures
  2 adders (D:2)
  2 worms (D:2)
  A dart slug (D:1)
  An endoplasm (D:1)
  2 giant cockroaches (D:1)
  A hobgoblin (D:2)
  2 jackals (D:2)
  2 quokkas (D:1)
  A ball python (D:1)
  3 bats (D:1)
  A frilled lizard (D:1)
  2 goblins (D:1)
20 creatures vanquished.

Notes
Turn   | Place    | Note
-------+----------+-------------------------------------------
     0 | D:1      | Lobster4 the Troll Earth Elementalist began the quest for
                  | the Orb.
     0 | D:1      | Reached XP level 1. HP: 16/16 MP: 1/1
   236 | D:1      | Reached XP level 2. HP: 24/24 MP: 3/3
   239 | D:1      | Learned a level 2 spell: Passwall
   892 | D:2      | HP: 1/26 [adder (3)]
   905 | D:2      | Reached skill level 1 in Transmutations
   905 | D:2      | Reached XP level 3. HP: 5/32 MP: 0/4
  1088 | D:2      | Killed from afar by an orc priest

Illustrated notes

Levels and vault maps discovered:
D:1:      roderic_crop_circles_arrival_small, layout_loops_ring, chequers_jeans
D:2:      wander_river, layout_loops_ring, serial_rivers,
          chequers_serial_rivers_micro_e, chequers_serial_rivers_room_a,
          chequers_serial_rivers_small_b, chequers_serial_rivers_room_a,
          shapermc_ecumenical_altar_pompeii, amcnicky_mini_corridor_feature

Skill      XL: |  1  2  3 |
---------------+----------+-----
Transmutations | 1 |  1.0
Dodging        | 2 |  2.0
Fighting       | |  0.7
Maces & Flails | |  0.5
Armour         | |  0.7
Stealth        | |  1.0
Spellcasting   | |  1.5
Earth Magic    | |  2.9

Action                     || total
---------------------------++-------
  Melee: Unarmed           ||    80
   Cast: Sandblast         ||     7
    Use: Potion            ||     1
 Armour: Robe              ||    43
  Dodge: Dodged            ||    28

Table legend: (Time is in decaauts)
 A = Elapsed time spent in this place.
 B = Non-inter-level travel time spent in this place.
 C = Inter-level travel time spent in this place.
 D = Time resting spent in this place.
 E = Time spent auto-exploring this place.
 F = Levels seen in this place.
 G = Mean time per level.
                   A        B        C        D        E       F      G
               +--------+--------+--------+--------+--------+-----+--------+
         Total |   1091 |   1040 |     51 |     28 |    790 |   2 |  545.5 |
       Dungeon |   1091 |   1040 |     51 |     28 |    790 |   2 |  545.5 |
               +--------+--------+--------+--------+--------+-----+--------+

Top non-repeatable levels by time:
     D:1: 805 daAuts
     D:2: 286 daAuts
